 Dungeon Crawl Stone Soup version 0.30-a0-165-g1891117ce2 (webtiles) character file.

Game seed: 7515642723700677688

5682 qw the Cleaver (level 10, 0/64 HPs)
             Began as a Gargoyle Fighter on Sept 28, 2022.
             Slain by a tengu warrior
             ... wielding a +0 long sword
              (6 damage)
             ... on level 9 of the Dungeon.
             The game lasted 00:03:03 (8648 turns).

qw the Cleaver (Gargoyle Fighter)                   Turns: 8648, Time: 00:03:04

Health: 0/64       AC: 22    Str: 27    XL:     10   Next: 75%
Magic:  10/10      EV:  9    Int:  9    God:
Gold:   631        SH:  9    Dex:  8    Spells: 9/9 levels left

rFire   + . .      SeeInvis .    Y - +1 war axe (venom)
rCold   + + .      Faith    .    p - +0 kite shield
rNeg    + . .      Spirit   .    j - +7 Kryia's mail coat {PotionHeal*2 rC+}
rPois   inf        Reflect  .    h - +0 helmet
rElec   +          Harm     .    b - scarf {rC+ rF+}
rCorr   +          Rampage  .    (no gloves)
Will    .....                    (no boots)
Stlth   ..........               (no amulet)
HPRegen 0.20/turn                e - ring of resist corrosion
MPRegen 0.12/turn                (no ring)

@: about to teleport
A: sickness immunity, AC +7, negative energy resistance 1, electricity
resistance, torment resistance 1, petrification resistance, talons 1, strong 1
a: no special abilities


You were on level 9 of the Dungeon.
You visited 1 branch of the dungeon, and saw 9 of its levels.

You collected 673 gold pieces.
You spent 42 gold pieces at shops.


Innate Abilities, Weirdness & Mutations

You are immune to sickness and miasma.
Your stone body is resilient. (AC +7)
You are immune to poison.
You resist negative energy. (rN+)
You are resistant to electric shocks. (rElec)
You are resistant to unholy torment.
You are immune to petrification.
You have sharp toenails.
Your muscles are strong. (Str +4, Int/Dex -1)


   Skills:
 - Level 8.0 Fighting
 - Level 10.3 Axes
 - Level 2.1 Throwing
 - Level 5.0 Armour
 - Level 2.4 Dodging
 + Level 8.6 Shields


You had 9 spell levels left.
You didn't know any spells.
Your spell library was empty.

Inventory:

Hand Weapons
 o - a +2 flail of protection
 Y - a +1 war axe of venom (weapon)
Missiles
 c - 2 silver boomerangs (quivered)
 i - 9 boomerangs
Armour
 a - a +0 plate armour
 b - a scarf of resistance (worn)
 h - a +0 helmet (worn)
 j - the +7 Kryia's mail coat (worn) {PotionHeal*2 rC+}
   (You took it off an orc on level 7 of the Dungeon)

   Potions are twice as effective at healing its wearer.
   rC:        It protects you from cold.
 p - a +0 kite shield (worn)
 r - a +0 cloak
Jewellery
 e - a ring of resist corrosion (left hand)
 g - the amulet of Elemental Vulnerability {rPois rF-- rC-- AC+8}
   (You found it on level 7 of the Dungeon)

   [amulet of nothing]

   AC:        It affects your AC (+8).
   rF:        It makes you very vulnerable to fire.
   rC:        It makes you very vulnerable to cold.
   rPois:     It protects you from poison.
Scrolls
 l - a scroll of identify
 m - a scroll of teleportation
Potions
 d - 4 potions of might
 f - a potion of attraction
 k - a potion of lignification
 q - 3 potions of curing
 t - a potion of resistance

Dungeon Overview and Level Annotations

Branches:
Dungeon (9/15)             Temple (0/1) D:7            Lair (0/5) D:9
    Orc: D:9-12

Altars:
Vehumet
Xom

Shops:
D:6 *   D:8 [


Message History

The skeletal warrior is lightly damaged.
You block the skeletal warrior's attack.
You hit the skeletal warrior but do no damage.
The skeletal warrior hits you but does no damage.
Space warps around you.
You closely miss the skeletal warrior.
The skeletal warrior hits you with a +2 hand axe of distortion!
You blink.
Throw: 3 boomerangs (silver)
Press: ? - help, Q - select action, (/) - cycle Shift-Dir - straight line, f - skeletal warrior You throw a silver boomerang.
The silver boomerang closely misses the skeletal warrior.
Throw: 3 boomerangs (silver)
Press: ? - help, Q - select action, (/) - cycle Shift-Dir - straight line, f/p - skeletal warrior You throw a silver boomerang.
The silver boomerang hits the skeletal warrior!
The skeletal warrior is lightly damaged.
8643 ||| READING 3 scrolls of teleportation.
As you read the scroll of teleportation, it crumbles to dust.
You feel strangely unstable.
You hit the skeletal warrior. Your kick misses the skeletal warrior.
The skeletal warrior is moderately damaged.
The skeletal warrior barely misses you.
The tengu warrior shouts!
You hit the skeletal warrior but do no damage.
The skeletal warrior is moderately damaged.
You block the skeletal warrior's attack.
You slice the skeletal warrior!! Your kick misses the skeletal warrior.
The skeletal warrior is heavily damaged.
Your surroundings suddenly seem different.
8647 ||| READING 2 scrolls of teleportation.
As you read the scroll of teleportation, it crumbles to dust.
You feel strangely unstable.
The tengu warrior hits you with a +0 long sword.
The tengu warrior pecks you but does no damage.
The tengu warrior claws you but does no damage.
You hit the tengu warrior but do no damage.
The tengu warrior is poisoned.
The tengu warrior hits you with a +0 long sword.
You die...

#........#
################.%......#
..<.)............%z........
################........##.
#.........#
###############.........#
..............)...........
#####.#########Q#########.#
# #....%@...# .. #
#.#.#.#.#.# # ..#.#.#.. #
#.#.. . #.# .. ....#. Q#
... #.# #.#.#.. .. #.. #.#
#.#. #Q .# ... # # # ..


You could see a tengu warrior (very poisoned, reflecting).

Vanquished Creatures
  2 two-headed ogres
  A troll (D:9)
  Sigmund (D:5)
  A wyvern (D:8)
  2 yaks (D:9)
  4 water moccasins
  2 orc warriors (D:9)
  3 ogres
  A centaur (D:7)
  2 phantoms (D:6)
  2 kobold brigands
  2 bullfrogs
  A gnoll sergeant (D:8)
  5 scorpions
  3 necrophages
  17 killer bees
  3 jellies
  5 orc priests
  6 hounds
  A gnoll bouda (D:6)
  Natasha (thrice) (D:3)
  8 orc wizards
  9 gnolls
  5 adders
  7 shadow imps (D:6)
  2 white imps
  3 ufetubi (D:6)
  2 worms
  3 dart slugs
  35 orcs
  5 bats
  3 endoplasms
  2 giant cockroaches
  4 goblins
  8 hobgoblins
  3 jackals (D:5)
  7 quokkas
  9 ball pythons
  2 frilled lizards
  15 kobolds
  3 rats
202 creatures vanquished.

Vanquished Creatures (others)
  9 demonic plants (D:6)
9 creatures vanquished.

Grand Total: 211 creatures vanquished

Notes
Turn   | Place    | Note
-------+----------+-------------------------------------------
     0 | D:1      | qw the Gargoyle Fighter began the quest for the Orb.
     0 | D:1      | Reached XP level 1. HP: 14/14 MP: 1/1
     0 | D:1      | 0 ||| qw: Version: 0.2-a-12-gaebbb33
     0 | D:1      | 0 ||| qw: Game counter: 850
     0 | D:1      | 0 ||| qw: Always use a shield: true
     0 | D:1      | 0 ||| qw: God list: Okawaru
     0 | D:1      | 0 ||| qw: Allow faded altars: false
     0 | D:1      | 0 ||| qw: Do Orc after D:15 true
     0 | D:1      | 0 ||| qw: Do second Lair branch before Depths: true
     0 | D:1      | 0 ||| qw: Lair rune preference: random
     0 | D:1      | 0 ||| qw: Plans: Normal, Zot:1-4, God:TSO, Crypt, Tomb,
                  | Pan, Slime:5, Hells, Abyss, Orb
     0 | D:1      | 0 ||| PLANNING D:1-11
    66 | D:1      | Reached skill level 2 in Axes
   256 | D:1      | Reached XP level 2. HP: 19/19 MP: 2/2
   660 | D:1      | 660 ||| READING scroll labelled TYEHID EMA.
   661 | D:1      | 661 ||| READING scroll labelled CUUDDA BAUTZ.
   662 | D:1      | 662 ||| READING 2 scrolls labelled VATYOK VAOHYK.
   663 | D:1      | 663 ||| DRINKING 2 pink potions.
   664 | D:1      | 664 ||| DROPPING scroll of vulnerability.
   686 | D:2      | Reached skill level 3 in Axes
   718 | D:2      | Reached XP level 3. HP: 17/23 MP: 3/3
   828 | D:2      | Found a faded altar of an unknown god.
   925 | D:2      | 925 ||| Stepping ~*~*~tactically~*~*~ (stealth).
  1222 | D:2      | 1222 ||| DROPPING +0 club.
  1411 | D:2      | 1411 ||| Stepping ~*~*~tactically~*~*~ (stealth).
  1434 | D:2      | Reached XP level 4. HP: 25/28 MP: 4/4
  1607 | D:2      | 1607 ||| UPGRADING to +0 plate armour.
  1617 | D:2      | 1617 ||| DROPPING +0 scale mail.
  1618 | D:2      | 1618 ||| UPGRADING to +0 helmet.
  1623 | D:2      | 1623 ||| DRINKING 2 black potions.
  1624 | D:2      | 1624 ||| DROPPING potion of invisibility.
  1663 | D:3      | Noticed a necrophage
  1664 | D:3      | 1664 ||| Stepping ~*~*~tactically~*~*~ (stealth).
  1673 | D:3      | Killed a necrophage
  1674 | D:3      | Reached skill level 4 in Axes
  1674 | D:3      | Reached XP level 5. HP: 24/32 MP: 5/5
  1791 | D:3      | Noticed Natasha
  1809 | D:3      | Killed Natasha
  1951 | D:3      | Noticed Natasha
  1952 | D:3      | 1952 ||| Stepping ~*~*~tactically~*~*~ (hiding).
  1958 | D:3      | Killed Natasha
  1959 | D:3      | Reached skill level 5 in Axes
  2155 | D:3      | Noticed Natasha
  2164 | D:3      | Killed Natasha
  2335 | D:3      | 2335 ||| DROPPING +0 whip.
  2436 | D:3      | 2436 ||| Stepping ~*~*~tactically~*~*~ (stealth).
  2437 | D:3      | 2437 ||| Stepping ~*~*~tactically~*~*~ (stealth).
  2471 | D:3      | 2471 ||| Stepping ~*~*~tactically~*~*~ (stealth).
  2596 | D:3      | 2596 ||| UPGRADING to scarf of resistance.
  2601 | D:3      | 2601 ||| DROPPING ring of wizardry.
  2602 | D:3      | 2602 ||| READING scroll labelled TYRGHI FAUCET.
  2606 | D:3      | 2606 ||| READING 2 scrolls labelled REUCSANULI.
  2607 | D:3      | 2607 ||| READING scroll labelled ZOAS HALLEBRIO.
  2638 | D:4      | 2638 ||| STAIRDANCE
  2642 | D:3      | HP: 8/33 [scorpion (3)]
  2650 | D:3      | Reached XP level 6. HP: 11/39 MP: 6/6
  2863 | D:4      | 2863 ||| STAIRDANCE
  2918 | D:4      | 2918 ||| STAIRDANCE
  2927 | D:4      | 2927 ||| STAIRDANCE
  2934 | D:4      | 2934 ||| STAIRDANCE
  2942 | D:4      | 2942 ||| STAIRDANCE
  2946 | D:4      | 2946 ||| STAIRDANCE
  2988 | D:4      | 2988 ||| STAIRDANCE
  2992 | D:4      | 2992 ||| STAIRDANCE
  3029 | D:4      | 3029 ||| Stepping ~*~*~tactically~*~*~ (hiding).
  3032 | D:4      | 3032 ||| Stepping ~*~*~tactically~*~*~ (hiding).
  3209 | D:4      | Found a shimmering altar of Xom.
  3210 | D:4      | Found a shimmering altar of Xom.
  3212 | D:4      | Found a shimmering altar of Xom.
  3213 | D:4      | Found a shimmering altar of Xom.
  3220 | D:4      | Found a shimmering altar of Xom.
  3296 | D:4      | Identified the +3 robe "Edyubug" {Str+3 Int+4 Stlth+}
  3409 | D:4      | Reached skill level 6 in Axes
  3409 | D:4      | Reached XP level 7. HP: 43/44 MP: 7/7
  3799 | D:4      | 3799 ||| READING scroll labelled AZXEPO GUCE.
  3800 | D:4      | 3800 ||| READING scroll labelled HUHOTHROSAT.
  3801 | D:4      | 3801 ||| DRINKING 3 fuming blue potions.
  3801 | D:4      | Gained mutation: You are dopey. (Int -2) [potion of
                  | mutation]
  3801 | D:4      | Lost mutation: You are dopey. (Int -2) [potion of mutation]
  3801 | D:4      | Gained mutation: You occasionally lose the ability to read
                  | scrolls when taking damage. [potion of mutation]
  3801 | D:4      | Gained mutation: You are strong-willed. (Will+) [potion of
                  | mutation]
  3802 | D:4      | 3802 ||| DRINKING 2 potions of mutation.
  3802 | D:4      | Lost mutation: You occasionally lose the ability to read
                  | scrolls when taking damage. [potion of mutation]
  3802 | D:4      | Lost mutation: You are strong-willed. (Will+) [potion of
                  | mutation]
  3802 | D:4      | Gained mutation: You have a somewhat thin skeletal
                  | structure. (Dex +2, Stealth+) [potion of mutation]
  3802 | D:4      | Gained mutation: You occasionally lose the ability to read
                  | scrolls when taking damage. [potion of mutation]
  3802 | D:4      | Gained mutation: You have sharp toenails. [potion of
                  | mutation]
  3803 | D:4      | 3803 ||| DRINKING potion of mutation.
  3803 | D:4      | Lost mutation: You have a somewhat thin skeletal structure.
                  | (Dex +2, Stealth+) [potion of mutation]
  3803 | D:4      | Lost mutation: You occasionally lose the ability to read
                  | scrolls when taking damage. [potion of mutation]
  3803 | D:4      | Gained mutation: You occasionally shout uncontrollably at
                  | your foes. [potion of mutation]
  3803 | D:4      | Lost mutation: You occasionally shout uncontrollably at
                  | your foes. [potion of mutation]
  3803 | D:4      | Gained mutation: Your muscles are strong. (Str +4, Int/Dex
                  | -1) [potion of mutation]
  3804 | D:4      | 3804 ||| DRINKING 2 purple potions.
  3856 | D:4      | 3856 ||| DRINKING 3 yellow potions.
  3857 | D:4      | 3857 ||| READING 3 scrolls of identify.
  3857 | D:4      | 3857 ||| IDENTIFYING cyan potion
  3858 | D:4      | 3858 ||| READING 2 scrolls of identify.
  3858 | D:4      | 3858 ||| IDENTIFYING lumpy clear potion
  3859 | D:4      | 3859 ||| DROPPING potion of berserk rage.
  3860 | D:4      | 3860 ||| DROPPING potion of degeneration.
  3879 | D:5      | Entered Level 5 of the Dungeon
  3887 | D:5      | 3887 ||| STAIRDANCE
  4020 | D:5      | 4020 ||| Stepping ~*~*~tactically~*~*~ (stealth).
  4037 | D:5      | 4037 ||| FLEEEEING.
  4040 | D:5      | 4040 ||| STAIRDANCE
  4138 | D:5      | Reached skill level 7 in Axes
  4140 | D:5      | 4140 ||| Stepping ~*~*~tactically~*~*~ (stealth).
  4426 | D:5      | Reached skill level 1 in Throwing
  4426 | D:5      | Reached XP level 8. HP: 49/49 MP: 8/8
  4426 | D:5      | 4426 ||| Stepping ~*~*~tactically~*~*~ (stealth).
  4489 | D:5      | Noticed Sigmund
  4490 | D:5      | 4490 ||| DRINKING 2 potions of curing.
  4490 | D:5      | 4490 ||| (to cure confusion)
  4499 | D:5      | Killed Sigmund
  5008 | D:5      | 5008 ||| UPGRADING to ring of resist corrosion.
  5009 | D:5      | 5009 ||| DRINKING 2 smoky yellow potions.
  5010 | D:5      | 5010 ||| READING 2 scrolls of identify.
  5010 | D:5      | 5010 ||| IDENTIFYING amethyst potion
  5011 | D:5      | 5011 ||| DROPPING potion of flight.
  5012 | D:5      | 5012 ||| DROPPING potion of ambrosia.
  5035 | D:6      | 5035 ||| Stepping ~*~*~tactically~*~*~ (hiding).
  5252 | D:6      | 5252 ||| FLEEEEING.
  5253 | D:6      | 5253 ||| FLEEEEING.
  5320 | D:6      | Found Liplaiwk's General Store.
  5323 | D:6      | 5323 ||| Stepping ~*~*~tactically~*~*~ (stealth).
  5325 | D:6      | 5325 ||| Stepping ~*~*~tactically~*~*~ (stealth).
  5341 | D:6      | Reached skill level 8 in Axes
  5363 | D:6      | 5363 ||| BUYING scroll of teleportation (42 gold).
  5363 | D:6      | Bought a scroll of teleportation for 42 gold pieces
  5391 | D:6      | 5391 ||| Stepping ~*~*~tactically~*~*~ (hiding).
  5393 | D:6      | Reached skill level 6 in Fighting
  5412 | D:6      | Reached XP level 9. HP: 29/55 MP: 9/9
  5564 | D:6      | 5564 ||| DROPPING +1 mace of protection.
  5605 | D:6      | 5605 ||| Stepping ~*~*~tactically~*~*~ (stealth).
  5607 | D:6      | 5607 ||| Stepping ~*~*~tactically~*~*~ (stealth).
  5609 | D:6      | 5609 ||| Stepping ~*~*~tactically~*~*~ (stealth).
  5632 | D:6      | 5632 ||| FLEEEEING.
  5634 | D:6      | 5634 ||| FLEEEEING.
  5638 | D:6      | 5638 ||| FLEEEEING.
  5639 | D:6      | 5639 ||| FLEEEEING.
  5640 | D:6      | 5640 ||| FLEEEEING.
  5641 | D:6      | 5641 ||| FLEEEEING.
  5642 | D:6      | 5642 ||| FLEEEEING.
  5646 | D:6      | 5646 ||| FLEEEEING.
  5647 | D:6      | 5647 ||| FLEEEEING.
  5648 | D:6      | 5648 ||| FLEEEEING.
  5649 | D:6      | 5649 ||| FLEEEEING.
  5650 | D:6      | 5650 ||| FLEEEEING.
  5651 | D:6      | 5651 ||| FLEEEEING.
  5664 | D:6      | 5664 ||| FLEEEEING.
  5665 | D:6      | 5665 ||| FLEEEEING.
  5668 | D:6      | 5668 ||| FLEEEEING.
  5669 | D:6      | 5669 ||| STAIRDANCE
  5789 | D:5      | 5789 ||| READING scroll labelled TARRUL KAQAER.
  5790 | D:5      | 5790 ||| READING 2 scrolls of identify.
  5790 | D:5      | 5790 ||| IDENTIFYING bubbling inky potion
  5793 | D:6      | 5793 ||| STAIRDANCE
  5878 | D:6      | Found a radiant altar of Vehumet.
  6077 | D:6      | 6077 ||| DROPPING +0 flail.
  6101 | D:6      | Reached skill level 9 in Axes
  6267 | D:6      | 6267 ||| READING scroll labelled FESHRUL FAN.
  6268 | D:6      | 6268 ||| READING scroll labelled SAKATA RURA.
  6304 | D:7      | 6304 ||| STAIRDANCE
  6328 | D:7      | 6328 ||| STAIRDANCE
  6333 | D:7      | 6333 ||| STAIRDANCE
  6339 | D:7      | 6339 ||| STAIRDANCE
  6363 | D:7      | Noticed a two-headed ogre
  6364 | D:7      | 6364 ||| Stepping ~*~*~tactically~*~*~ (stealth).
  6374 | D:7      | Killed a two-headed ogre
  6375 | D:7      | Reached skill level 6 in Shields
  6550 | D:7      | Found the amulet of Elemental Vulnerability {rPois rF--
                  | rC-- AC+8}
  6554 | D:7      | Found a staircase to the Ecumenical Temple.
  6775 | D:7      | 6775 ||| Stepping ~*~*~tactically~*~*~ (stealth).
  6777 | D:7      | 6777 ||| Stepping ~*~*~tactically~*~*~ (hiding).
  6873 | D:7      | 6873 ||| Stepping ~*~*~tactically~*~*~ (hiding).
  7263 | D:7      | 7263 ||| UPGRADING to +7 Kryia's mail coat {PotionHeal*2
                  | rC+}.
  7486 | D:8      | Noticed a two-headed ogre
  7495 | D:8      | Killed a two-headed ogre
  7496 | D:8      | Reached skill level 10 in Axes
  7496 | D:8      | Reached XP level 10. HP: 48/63 MP: 10/10
  7733 | D:8      | Found a flagged portal.
  7838 | D:8      | Found Ikiylil's Antique Armour Emporium.
  8062 | D:8      | 8062 ||| READING scroll of brand weapon.
  8062 | D:8      | 8062 ||| BRANDING +1 vorpal war axe.
  8241 | D:8      | 8241 ||| UPGRADING to +0 kite shield.
  8251 | D:8      | 8251 ||| DROPPING +0 buckler.
  8252 | D:8      | 8252 ||| DROPPING amulet of magic regeneration.
  8253 | D:8      | 8253 ||| READING scroll labelled CUMMAQ SALEMU.
  8597 | D:9      | Found a staircase to the Lair.
  8618 | D:9      | 8618 ||| Stepping ~*~*~tactically~*~*~ (stealth).
  8628 | D:9      | Noticed a tengu warrior
  8629 | D:9      | 8629 ||| Stepping ~*~*~tactically~*~*~ (stealth).
  8631 | D:9      | 8631 ||| Stepping ~*~*~tactically~*~*~ (stealth).
  8631 | D:9      | Noticed a skeletal warrior
  8640 | D:9      | HP: 11/64 [skeletal warrior/+2 hand axe of distortion (14)]
  8643 | D:9      | 8643 ||| READING 3 scrolls of teleportation.
  8647 | D:9      | 8647 ||| READING 2 scrolls of teleportation.
  8647 | D:9      | HP: 6/64 [tengu warrior/+0 long sword (6)]
  8648 | D:9      | Slain by a tengu warrior

Levels and vault maps discovered:
D:1:      minmay_arrival_stone_box, layout_basic, chequers_mini_garden
D:2:      layout_loops_ring, ebering_ecumenical_altar_abandoned, st_stairs_9,
          kennysheep_generic_room_9
D:3:      layout_basic, minmay_statues_item, uniq_natasha
D:4:      nicolae_cairo_tiling_large_dashed, layout_basic, xom_redecorated
D:5:      layout_loops_corners, uniq_sigmund
D:6:      layout_loops_ring, overflow_temple_1_default, serial_demonic,
          serial_demonic_c, serial_demonic_g, serial_demonic_a,
          serial_demonic_f, serial_demonic_a, serial_demonic_d, serial_shops,
          nicolae_diamond_shop
D:7:      layout_basic, minmay_temple_entry_glassed_door
D:8:      layout_loops_cross, enter_bailey_2, serial_shops,
          nicolae_shop_overgrown_old_shop, mrwooster_statue_mirror, eino_jars
D:9:      minmay_the_grid_3x3 [minmay_the_grid_x, minmay_the_grid_pillar_ring,
          minmay_the_grid_empty, minmay_the_grid_tri_star,
          minmay_the_grid_diamond_grid, minmay_the_grid_plusring,
          minmay_the_grid_gridbox, minmay_the_grid_box_x,
          minmay_the_grid_prize_big_room], layout_rooms,
          nicolae_ru_path_of_blood

Skill      XL: |  1  2  3  4  5  6  7  8  9 10 |
---------------+-------------------------------+-----
Axes           | 2 3 4 5 6 7 8 10 | 10.3
Fighting       | 4 5 6 7 8 |  8.0
Armour         | 4 5 |  5.0
Throwing       | 1 2 |  2.1
Dodging        | 2 |  2.4
Shields        | 6 8 |  8.6

Action                   |  1- 3 |  4- 6 |  7- 9 | 10-12 || total
-------------------------+-------+-------+-------+-------++-------
Melee: War axe           |    98 |   130 |   265 |   109 ||   602
       Kick              |       |       |    59 |    22 ||    81
Throw: Boomerang         |       |    12 |    51 |     8 ||    71
  Use: Scroll            |     3 |     3 |     9 |     4 ||    19
       Potion            |     1 |     1 |     7 |       ||     9
 Stab: Invisible         |       |     1 |       |       ||     1
Armor: Scale mail        |    43 |       |    30 |   116 ||   189
       Plate armour      |       |   105 |   140 |       ||   245
Dodge: Dodged            |    57 |    30 |    73 |    84 ||   244
Block: Buckler           |    22 |    27 |    38 |    13 ||   100
       Kite shield       |       |       |       |    32 ||    32

Table legend:
 A = Non-vault XP
 B = Vault XP
 C = Vault XP percentage of total XP
 D = Non-vault monster count
 E = Vault monster count
 F = Vault count percentage of total count
                 A         B        C        D         E       F
            +---------+---------+-------+---------+---------+-------
      Total |    6308 |    1810 |  22.3 |     174 |      28 |  13.9
            +---------+---------+-------+---------+---------+-------
        D:1 |      16 |       0 |   0.0 |      10 |       0 |   0.0
        D:2 |      64 |       5 |   7.2 |      23 |       3 |  11.5
        D:3 |     388 |      35 |   8.3 |      26 |       1 |   3.7
        D:4 |     117 |       0 |   0.0 |       8 |       0 |   0.0
        D:5 |     892 |     231 |  20.6 |      28 |       1 |   3.4
        D:6 |    1150 |     115 |   9.1 |      34 |      11 |  24.4
        D:7 |    1195 |       0 |   0.0 |      11 |       0 |   0.0
        D:8 |    1688 |     436 |  20.5 |      19 |       7 |  26.9
        D:9 |     798 |     988 |  55.3 |      15 |       5 |  25.0
            +---------+---------+-------+---------+---------+-------
